Oilers vs Canucks

Created - Wednesday, January 06, 2016 at 02:14

Goals
1 2 3 OT1 SO T
Oilers 1 1 0 0 0 2
Canucks 1 0 1 0 1 3
Shots
1 2 3 OT1 SO T
Oilers 7 12 6 1 3 26
Canucks 14 8 11 3 3 36

1st period

1. Canucks , Joel Ward 5 (Willie Mitchell) at 5:45 (SH)
2. Oilers , Darren Helm 13 (Niklas Hjalmarsson, Ryan McDonagh) at 6:12 (PP)

Penalties :
Jason Demers (Edm) for Holding (Minor) at 1:19, Jason Demers (Edm) for Boarding (Minor) at 3:34, Alexander Edler (Van) for Tripping (Minor) at 5:28, Andrew MacDonald (Edm) for Roughing (Minor) at 6:43

2nd period

3. Oilers , David Desharnais 9 (Nicklas Backstrom, Darren Helm) at 13:12 (PP)

Penalties :
Ben Bishop (Van) for Slashing (Minor) at 12:54 - Antoine Roussel served the penalty, Brayden McNabb (Edm) for Head-butting (Major / Game Misconduct) at 18:46

3rd period

4. Canucks , Alexander Edler 4 (Mats Zuccarello) at 3:34 (PP)

Penalties :
Jason Demers (Edm) for Hooking (Minor) at 1:42, Niklas Hjalmarsson (Edm) for Roughing (Minor) at 5:03, Jack Johnson (Van) for Interference (Minor) at 6:07, Justin Braun (Van) for High sticking (Minor) at 19:48

Overtime #1

No Goal

Penalties :
No Penalty

Shootout

Penalty Shot by Nicklas Backstrom for Oilers - Stopped by Ben Bishop
Penalty Shot by Antoine Roussel for Canucks - Shot Misses the Net
Penalty Shot by Andrew Ladd for Oilers - Shot Misses the Net
Penalty Shot by Derick Brassard for Canucks - Stopped by Jaroslav Halak
Penalty Shot by Nick Bonino for Oilers - Shot Misses the Net
Penalty Shot by Nazem Kadri for Canucks - Goal!

Penalties :
No Penalty

Goalie Stats

Jaroslav Halak (Edm), 34 saves from 36 shots - (0.944), OTL, 21-9-3, 65:00 minutes
Ben Bishop (Van), 24 saves from 26 shots - (0.923), W, 17-14-5, 65:00 minutes

Players Stats for Oilers

Player Name              G  A  P  +/- PIM S  H  SB GA TA FO     MP     PP MP  PK MP  
------------------------------------------------------------------------------------
Andrew Ladd              0  0  0  -1  0   3  5  4  4  0  0/0    18:44   0:54   0:00 
Andrew MacDonald         0  0  0  -1  2   1  0  0  0  1  0/0    22:15   1:01   3:07 
Brayden McNabb           0  0  0  -1  15  0  1  1  0  0  0/0     9:03   0:12   0:00 
Brayden Schenn           0  0  0   0  0   0  3  0  0  0  0/0    14:53   0:37   0:00 
Brett Connolly           0  0  0   0  0   1  1  0  2  1  0/0     7:45   0:00   0:00 
Darren Helm              1  1  2   0  0   5  2  0  5  0  1/2    19:13   1:18   3:46 
David Desharnais         1  0  1   0  0   4  0  0  3  0  0/1    16:36   1:18   0:00 
Jamie McGinn             0  0  0   0  0   2  4  0  3  0  1/1    13:29   0:00   0:00 
Jannik Hansen            0  0  0   0  0   0  0  0  0  0  0/0     8:38   0:00   0:00 
Jason Demers             0  0  0  -1  6   2  0  0  0  0  0/0    23:42   1:01   2:50 
Kevin Goumas             0  0  0   0  0   0  0  0  0  0  0/0     0:00   0:00   0:00 
Lars Eller               0  0  0   0  0   3  3  0  2  0  14/21  23:15   0:00   8:09 
Nick Bonino              0  0  0   0  0   2  0  0  0  1  8/12   17:24   0:37   2:31 
Nicklas Backstrom        0  1  1  -1  0   1  0  2  3  0  10/16  18:32   1:35   0:00 
Niklas Hjalmarsson       0  1  1   0  2   1  0  1  0  2  0/0    27:10   1:16   6:25 
Ryan McDonagh            0  1  1   0  0   1  0  4  0  1  0/0    28:35   1:11   7:15 
Steven Kampfer           0  0  0   0  0   0  0  0  0  1  0/0    19:59   0:00   4:12 
Trevor Lewis             0  0  0   0  0   0  1  1  0  0  0/0    15:49   0:00   7:32 

Players Stats for Canucks

Player Name              G  A  P  +/- PIM S  H  SB GA TA FO     MP     PP MP  PK MP  
------------------------------------------------------------------------------------
Adam Burish              0  0  0   0  0   0  0  0  0  0  3/11   12:23   0:00   0:00 
Adam Pardy               0  0  0   0  0   0  0  0  0  0  0/0     0:00   0:00   0:00 
Alexander Edler          1  0  1   0  2   1  1  0  0  3  0/0    23:30   3:47   1:09 
Andrei Markov            0  0  0   0  0   2  0  3  0  4  0/0    28:51   8:07   2:39 
Antoine Roussel          0  0  0   0  0   0  0  0  0  0  0/0     9:22   0:00   0:08 
Brendan Gallagher        0  0  0   0  0   4  0  1  2  0  0/0    18:59   5:31   0:00 
Christopher Tanev        0  0  0   0  0   0  0  0  0  0  0/0    12:59   0:00   0:24 
Clarke MacArthur         0  0  0   0  0   3  2  1  1  1  0/0    19:52   5:31   0:21 
Derick Brassard          0  0  0   1  0   3  4  0  6  1  2/4    25:48   6:24   1:51 
Jack Johnson             0  0  0   0  2   2  1  1  0  3  0/0    27:58   8:06   1:35 
Jay Beagle               0  0  0   0  0   0  0  0  0  1  0/0     6:50   0:00   0:00 
Joakim Andersson         0  0  0   0  0   2  0  2  1  1  0/1    13:12   0:00   0:00 
Joel Ward                1  0  1   1  0   4  2  0  1  1  3/6    21:57   6:24   1:51 
Justin Braun             0  0  0   1  2   1  1  0  0  1  0/0    14:02   0:00   0:52 
Mats Zuccarello          0  1  1   0  0   2  0  0  0  0  1/9    20:37   6:24   0:00 
Nazem Kadri              0  0  0   0  0   8  1  1  0  0  5/13   21:32   5:31   2:01 
Peter Holland            0  0  0   0  0   3  1  0  2  0  5/9    13:12   0:00   0:00 
Willie Mitchell          0  1  1   1  0   1  0  0  0  0  0/0    23:48   3:48   1:21 

3 Stars

1 - Darren Helm (Edm)
2 - Joel Ward (Van)
3 - Jaroslav Halak (Edm)

Power Play

Oilers - 2 on 4 Attempt(s) - 50.00%
Canucks - 1 on 6 Attempt(s) - 16.67%

Penalty Kill

Oilers - 5 on 6 Attempt(s) - 83.33% - Score 0 goal in Penalty Kill
Canucks - 2 on 4 Attempt(s) - 50.00% - Score 1 goal in Penalty Kill

Team Stat

Oilers - Hits : 20 - Faceoff Wins : 34 - Blocked Shots : 13 - Penalty Minutes : 25
Canucks - Hits : 13 - Faceoff Wins : 19 - Blocked Shots : 9 - Penalty Minutes : 6

Official

Referees : Unknown
Linesman : Unknown

Game Notes

Jannik Hansen is injured at 16:27 of 2nd period (Back)
Brayden McNabb ejected from game at 18:46 of 2nd period

Finance

Level 1 -- Attendance: 5777 (96.28%) -- Ticket Income $462,160
Level 2 -- Attendance: 4837 (96.74%) -- Ticket Income $256,361
Level 3 -- Attendance: 1883 (94.15%) -- Ticket Income $58,373
Level 4 -- Attendance: 3501 (87.53%) -- Ticket Income $59,517
Luxury Box -- Attendance: 908 (90.80%) -- Ticket Income $159,808
Game was played at the Rogers Place.
Total Attendance: 16906 (93.92%)
Total Ticket Income: $996,219
Other Income: $488,147
Total Income: $1,484,366

Oilers

5 vs 5 Forward 
   Center                   Left Wing                Right Wing               Time % Phy DF OF 
 1 Nick Bonino              Andrew Ladd              Brayden Schenn           35     1   2  2  
 2 Nicklas Backstrom        David Desharnais         Darren Helm              35     1   2  2  
 3 Lars Eller               Jamie McGinn             Jannik Hansen            25     1   2  2  
 4 Nicklas Backstrom        Brett Connolly           Trevor Lewis             5      1   2  2  

5 vs 5 Defense 
   Defense                  Defense                                           Time % Phy DF OF 
 1 Ryan McDonagh            Niklas Hjalmarsson                                37     1   4  0  
 2 Jason Demers             Andrew MacDonald                                  33     1   4  0  
 3 Brayden McNabb           Steven Kampfer                                    30     1   2  2  
 4 Ryan McDonagh            Niklas Hjalmarsson                                0      1   2  2  

PowerPlay Forward 
   Center                   Left Wing                Right Wing               Time % Phy DF OF 
 1 Nicklas Backstrom        David Desharnais         Darren Helm              60     1   0  4  
 2 Nick Bonino              Andrew Ladd              Brayden Schenn           40     1   0  4  

PowerPlay Defense
   Defense                  Defense                                           Time % Phy DF OF 
 1 Ryan McDonagh            Niklas Hjalmarsson                                60     1   2  2  
 2 Jason Demers             Andrew MacDonald                                  40     1   2  2  

Penalty Kill 4 Players Forward 
   Center                   Wing                     Time % Phy DF OF 
 1 Lars Eller               Trevor Lewis             60     1   4  0  
 2 Nick Bonino              Darren Helm              40     1   4  0  

Penalty Kill 4 Players Defense
   Defense                  Defense                  Time % Phy DF OF 
 1 Ryan McDonagh            Niklas Hjalmarsson       60     1   4  0  
 2 Jason Demers             Andrew MacDonald         40     1   4  0  

Penalty Kill - 3 Players Forward 
   Forward                                           Time % Phy DF OF 
 1 Lars Eller                                        60     1   4  0  
 2 Nick Bonino                                       40     1   4  0  

Penalty Kill - 3 Players Defense
   Defense                  Defense                  Time % Phy DF OF 
 1 Ryan McDonagh            Niklas Hjalmarsson       60     1   2  2  
 2 Jason Demers             Andrew MacDonald         40     1   2  2  

4 vs 4 Forward 
   Center                   Wing                     Time % Phy DF OF 
 1 Nicklas Backstrom        Andrew Ladd              60     1   2  2  
 2 Nick Bonino              Darren Helm              40     1   2  2  

4 vs 4 Defense
   Defense                  Defense                  Time % Phy DF OF 
 1 Ryan McDonagh            Niklas Hjalmarsson       60     1   2  2  
 2 Jason Demers             Andrew MacDonald         40     1   2  2  

Last Minutes Offensive
   Center                   Left Wing                Right Wing               Defense                  Defense                  
   David Desharnais         Andrew Ladd              Brayden Schenn           Ryan McDonagh            Nicklas Backstrom        

Last Minutes Defensive
   Center                   Left Wing                Right Wing               Defense                  Defense                  
   Nicklas Backstrom        Andrew Ladd              Darren Helm              Ryan McDonagh            Niklas Hjalmarsson       

Goaltenders
Starting : Jaroslav Halak           
Backup : Jeremy Smith             

Extra Forwards
Normal : David Desharnais, Lars Eller, Jannik Hansen - PP : David Desharnais, Lars Eller - PK : Jannik Hansen
Extra Defensemen
Normal : Brayden McNabb, Steven Kampfer, Jason Demers - PP : Brayden McNabb - PK : Steven Kampfer, Jason Demers
Penalty Shots
Nicklas Backstrom, Andrew Ladd, Nick Bonino, Darren Helm, Brayden Schenn

Canucks

5 vs 5 Forward 
   Center                   Left Wing                Right Wing               Time % Phy DF OF 
 1 Adam Burish              Derick Brassard          Joel Ward                35     1   1  3  
 2 Nazem Kadri              Clarke MacArthur         Brendan Gallagher        30     1   2  2  
 3 Peter Holland            Mats Zuccarello          Joakim Andersson         22     1   3  1  
 4 Derick Brassard          Antoine Roussel          Jay Beagle               13     2   2  1  

5 vs 5 Defense 
   Defense                  Defense                                           Time % Phy DF OF 
 1 Jack Johnson             Andrei Markov                                     35     1   3  1  
 2 Alexander Edler          Willie Mitchell                                   30     1   3  1  
 3 Justin Braun             Christopher Tanev                                 22     1   3  1  
 4 Jack Johnson             Andrei Markov                                     13     1   2  2  

PowerPlay Forward 
   Center                   Left Wing                Right Wing               Time % Phy DF OF 
 1 Mats Zuccarello          Derick Brassard          Joel Ward                60     1   1  3  
 2 Nazem Kadri              Clarke MacArthur         Brendan Gallagher        40     1   1  3  

PowerPlay Defense
   Defense                  Defense                                           Time % Phy DF OF 
 1 Jack Johnson             Andrei Markov                                     60     1   2  2  
 2 Alexander Edler          Willie Mitchell                                   40     1   2  2  

Penalty Kill 4 Players Forward 
   Center                   Wing                     Time % Phy DF OF 
 1 Joel Ward                Derick Brassard          60     1   3  1  
 2 Nazem Kadri              Clarke MacArthur         40     1   3  1  

Penalty Kill 4 Players Defense
   Defense                  Defense                  Time % Phy DF OF 
 1 Jack Johnson             Andrei Markov            60     1   3  1  
 2 Alexander Edler          Willie Mitchell          40     1   3  1  

Penalty Kill - 3 Players Forward 
   Forward                                           Time % Phy DF OF 
 1 Nazem Kadri                                       60     1   4  0  
 2 Derick Brassard                                   40     1   4  0  

Penalty Kill - 3 Players Defense
   Defense                  Defense                  Time % Phy DF OF 
 1 Jack Johnson             Andrei Markov            60     1   4  0  
 2 Alexander Edler          Willie Mitchell          40     1   4  0  

4 vs 4 Forward 
   Center                   Wing                     Time % Phy DF OF 
 1 Joel Ward                Derick Brassard          60     1   2  2  
 2 Nazem Kadri              Clarke MacArthur         40     1   2  2  

4 vs 4 Defense
   Defense                  Defense                  Time % Phy DF OF 
 1 Jack Johnson             Andrei Markov            60     1   2  2  
 2 Alexander Edler          Willie Mitchell          40     1   2  2  

Last Minutes Offensive
   Center                   Left Wing                Right Wing               Defense                  Defense                  
   Adam Burish              Derick Brassard          Joel Ward                Jack Johnson             Andrei Markov            

Last Minutes Defensive
   Center                   Left Wing                Right Wing               Defense                  Defense                  
   Adam Burish              Derick Brassard          Joel Ward                Jack Johnson             Andrei Markov            

Goaltenders
Starting : Ben Bishop               
Backup : Mike McKenna             

Extra Forwards
Normal : Derick Brassard, Mats Zuccarello, Antoine Roussel - PP : Derick Brassard, Mats Zuccarello - PK : Antoine Roussel
Extra Defensemen
Normal : Justin Braun, Christopher Tanev, Alexander Edler - PP : Justin Braun - PK : Christopher Tanev, Alexander Edler
Penalty Shots
Antoine Roussel, Derick Brassard, Nazem Kadri, Clarke MacArthur, Joel Ward

% Time on Ice - Oilers

Lines # - Real PCT - Wanted PCT - Time Play
Normal Forward
1 - 35% - 35% - 15:30
2 - 21% - 35% - 9:19
3 - 29% - 25% - 13:08
4 - 15% - 5% - 6:56
Normal Defense
1 - 37% - 37% - 16:39
2 - 30% - 33% - 13:17
3 - 33% - 30% - 14:57
4 - 0% - 0% - 0:00
PP Forward
1 - 72% - 60% - 1:35
2 - 28% - 40% - 0:37
PP Defense
1 - 54% - 60% - 1:11
2 - 46% - 40% - 1:01
PK Forward
1 - 75% - 60% - 7:32
2 - 25% - 40% - 2:31
PK Defense
1 - 54% - 60% - 5:23
2 - 46% - 40% - 4:40
PK3 Forward
1 - 100% - 60% - 1:52
2 - 0% - 40% - 0:00
PK3 Defense
1 - 100% - 60% - 1:52
2 - 0% - 40% - 0:00
44 Forward
1 - 100% - 60% - 6:00
2 - 0% - 40% - 0:00
44 Defense
1 - 58% - 60% - 3:30
2 - 42% - 40% - 2:30
Last Minute Offensive  - 0:00
Last Minute Defensive  - 0:00
Total
Forward - 65:00
Defense - 65:00

% Time on Ice - Canucks

Lines # - Real PCT - Wanted PCT - Time Play
Normal Forward
1 - 24% - 35% - 10:50
2 - 31% - 30% - 14:01
3 - 29% - 22% - 13:12
4 - 15% - 13% - 6:50
Normal Defense
1 - 31% - 35% - 14:04
2 - 37% - 30% - 16:30
3 - 27% - 22% - 12:20
4 - 4% - 13% - 1:59
PP Forward
1 - 54% - 60% - 6:24
2 - 46% - 40% - 5:31
PP Defense
1 - 68% - 60% - 8:07
2 - 32% - 40% - 3:48
PK Forward
1 - 84% - 60% - 1:51
2 - 16% - 40% - 0:21
PK Defense
1 - 77% - 60% - 1:42
2 - 23% - 40% - 0:30
PK3 Forward
1 - 100% - 60% - 1:48
2 - 0% - 40% - 0:00
PK3 Defense
1 - 53% - 60% - 0:57
2 - 47% - 40% - 0:51
44 Forward
1 - 100% - 60% - 4:12
2 - 0% - 40% - 0:00
44 Defense
1 - 48% - 60% - 2:02
2 - 52% - 40% - 2:10
Last Minute Offensive  - 0:00
Last Minute Defensive  - 0:00
Total
Forward - 65:00
Defense - 65:00

Play by Play

1st period


0:01 of 1st period - Adam Burish wins face-off versus Nick Bonino in neutral zone.
0:06 of 1st period - Wrist shot by Joel Ward.
0:06 of 1st period - Shot Blocked by Ryan McDonagh.
0:10 of 1st period - Slapshot by Derick Brassard.
0:10 of 1st period - Shot Blocked by Andrew Ladd.
0:12 of 1st period - Snap shot by Adam Burish.
0:12 of 1st period - Shot Misses the Net.
0:14 of 1st period - Slapshot by Jack Johnson.
0:14 of 1st period - Shot Misses the Net.
0:16 of 1st period - Wrist shot by Joel Ward.
0:16 of 1st period - Stopped by Jaroslav Halak with a rebound.
0:18 of 1st period - Wrist shot by Joel Ward.
0:18 of 1st period - Shot Blocked by Andrew Ladd.
0:20 of 1st period - Wrist shot by Joel Ward.
0:20 of 1st period - Stopped by Jaroslav Halak with a rebound.
0:28 of 1st period - Wrist shot by Joel Ward.
0:28 of 1st period - Stopped by Jaroslav Halak with a rebound.
1:14 of 1st period - Slapshot by Brendan Gallagher.
1:14 of 1st period - Stopped by Jaroslav Halak without a rebound.
1:15 of 1st period - Peter Holland wins face-off versus Nicklas Backstrom in Oilers zone.
1:19 of 1st period - Minor Penalty to Jason Demers for Holding.
1:20 of 1st period - Lars Eller wins face-off versus Mats Zuccarello in Oilers zone.
2:18 of 1st period - Slapshot by Lars Eller.
2:18 of 1st period - Stopped by Ben Bishop without a rebound.
2:19 of 1st period - Lars Eller wins face-off versus Nazem Kadri in Canucks zone.
2:20 of 1st period - Slapshot by Ryan McDonagh.
2:20 of 1st period - Shot Blocked by Brendan Gallagher.
2:28 of 1st period - Snap shot by Nazem Kadri.
2:28 of 1st period - Deflect By Ryan McDonagh.
2:28 of 1st period - Stopped by Jaroslav Halak with a rebound.
2:30 of 1st period - Snap shot by Alexander Edler.
2:30 of 1st period - Shot Misses the Net.
2:32 of 1st period - Snap shot by Brendan Gallagher.
2:32 of 1st period - Shot Misses the Net.
2:34 of 1st period - Slapshot by Willie Mitchell.
2:34 of 1st period - Stopped by Jaroslav Halak with a rebound.
3:19 of 1st period - Penalty to Jason Demers is over, Jason Demers is back on ice.
3:34 of 1st period - Minor Penalty to Jason Demers for Boarding.
3:35 of 1st period - Nick Bonino wins face-off versus Mats Zuccarello in Oilers zone.
3:40 of 1st period - Icing by Alexander Edler.
3:41 of 1st period - Nick Bonino wins face-off versus Mats Zuccarello in Canucks zone.
3:44 of 1st period - Slapshot by Nick Bonino.
3:44 of 1st period - Deflect By Joel Ward.
3:44 of 1st period - Shot Misses the Net.
3:44 of 1st period - Puck is out of play.
3:45 of 1st period - Nick Bonino wins face-off versus Mats Zuccarello in Canucks zone.
4:02 of 1st period - Snap shot by Nick Bonino.
4:02 of 1st period - Shot Misses the Net.
4:04 of 1st period - Wrist shot by Darren Helm.
4:04 of 1st period - Shot Misses the Net.
4:12 of 1st period - Snap shot by Darren Helm.
4:12 of 1st period - Stopped by Ben Bishop without a rebound.
4:13 of 1st period - Nick Bonino wins face-off versus Nazem Kadri in Canucks zone.
5:07 of 1st period - Ryan McDonagh is hit by Joel Ward.
5:28 of 1st period - Minor Penalty to Alexander Edler for Tripping.
5:29 of 1st period - Joel Ward wins face-off versus Nicklas Backstrom in Canucks zone.
5:34 of 1st period - Penalty to Jason Demers is over, Jason Demers is back on ice.
5:45 of 1st period - Slapshot by Joel Ward.
5:45 of 1st period - Goal by Joel Ward - Oilers : 0 - Canucks : 1.
5:46 of 1st period - Joel Ward wins face-off versus Nicklas Backstrom in neutral zone.
6:06 of 1st period - Slapshot by Nicklas Backstrom.
6:06 of 1st period - Shot Misses the Net.
6:08 of 1st period - Snap shot by Ryan McDonagh.
6:08 of 1st period - Shot Misses the Net.
6:10 of 1st period - Slapshot by Niklas Hjalmarsson.
6:10 of 1st period - Stopped by Ben Bishop with a rebound.
6:12 of 1st period - Snap shot by Darren Helm.
6:12 of 1st period - Goal by Darren Helm - Oilers : 1 - Canucks : 1.
6:13 of 1st period - Lars Eller wins face-off versus Peter Holland in neutral zone.
6:30 of 1st period - Wrist shot by Mats Zuccarello.
6:30 of 1st period - Shot Misses the Net.
6:32 of 1st period - Snap shot by Peter Holland.
6:32 of 1st period - Stopped by Jaroslav Halak with a rebound.
6:43 of 1st period - Minor Penalty to Andrew MacDonald for Roughing.
6:44 of 1st period - Lars Eller wins face-off versus Nazem Kadri in Oilers zone.
7:09 of 1st period - Off-side.
7:10 of 1st period - Derick Brassard wins face-off versus Lars Eller in neutral zone.
8:09 of 1st period - Snap shot by Clarke MacArthur.
8:09 of 1st period - Stopped by Jaroslav Halak with a rebound.
8:43 of 1st period - Penalty to Andrew MacDonald is over, Andrew MacDonald is back on ice.
10:03 of 1st period - Snap shot by Clarke MacArthur.
10:03 of 1st period - Stopped by Jaroslav Halak with a rebound.
10:05 of 1st period - Wrist shot by Justin Braun.
10:05 of 1st period - Stopped by Jaroslav Halak with a rebound.
10:07 of 1st period - Slapshot by Justin Braun.
10:07 of 1st period - Shot Misses the Net.
10:09 of 1st period - Snap shot by Nazem Kadri.
10:09 of 1st period - Shot Blocked by Andrew Ladd.
10:19 of 1st period - Adam Burish is hit by Brayden Schenn and loses puck.
10:32 of 1st period - Alexander Edler is hit by Brayden Schenn.
11:01 of 1st period - Snap shot by Darren Helm.
11:01 of 1st period - Deflect By Jamie McGinn.
11:01 of 1st period - Stopped by Ben Bishop with a rebound.
11:03 of 1st period - Slapshot by Niklas Hjalmarsson.
11:03 of 1st period - Shot Misses the Net.
11:05 of 1st period - Wrist shot by Darren Helm.
11:05 of 1st period - Stopped by Ben Bishop with a rebound.
11:15 of 1st period - Peter Holland is hit by Brett Connolly and loses puck.
12:10 of 1st period - Snap shot by Nazem Kadri.
12:10 of 1st period - Stopped by Jaroslav Halak without a rebound.
12:11 of 1st period - Nazem Kadri wins face-off versus Lars Eller in Oilers zone.
12:20 of 1st period - Snap shot by Brendan Gallagher.
12:20 of 1st period - Shot Misses the Net.
12:59 of 1st period - Andrew Ladd is hit by Derick Brassard.
14:09 of 1st period - Justin Braun is hit by Jamie McGinn and loses puck.
14:34 of 1st period - Justin Braun is hit by Andrew Ladd.
15:46 of 1st period - Jannik Hansen is hit by Jack Johnson and loses puck.
16:24 of 1st period - Slapshot by David Desharnais.
16:24 of 1st period - Shot Blocked by Clarke MacArthur.
17:44 of 1st period - Wrist shot by Joakim Andersson.
17:44 of 1st period - Shot Misses the Net.
17:46 of 1st period - Wrist shot by Justin Braun.
17:46 of 1st period - Shot Misses the Net.
17:48 of 1st period - Snap shot by Peter Holland.
17:48 of 1st period - Stopped by Jaroslav Halak with a rebound.
18:07 of 1st period - Joel Ward is hit by Andrew Ladd and loses puck.
18:32 of 1st period - Willie Mitchell is hit by Jamie McGinn and loses puck.
18:53 of 1st period - Snap shot by Derick Brassard.
18:53 of 1st period - Stopped by Jaroslav Halak without a rebound.
18:54 of 1st period - Nicklas Backstrom wins face-off versus Derick Brassard in Oilers zone.
19:05 of 1st period - Snap shot by Darren Helm.
19:05 of 1st period - Shot Misses the Net.
19:22 of 1st period - Slapshot by Trevor Lewis.
19:22 of 1st period - Deflect By Brett Connolly.
19:22 of 1st period - Stopped by Ben Bishop without a rebound.
19:23 of 1st period - Peter Holland wins face-off versus Darren Helm in Canucks zone.
Goals for this period are 1 for Oilers vs 1 for Canucks.
Shots for this period are 7 for Oilers vs 14 for Canucks.

2nd period


0:01 of 2nd period - Nicklas Backstrom wins face-off versus Adam Burish in neutral zone.
0:06 of 2nd period - Wrist shot by David Desharnais.
0:06 of 2nd period - Shot Blocked by Jack Johnson.
1:12 of 2nd period - Snap shot by Nazem Kadri.
1:12 of 2nd period - Stopped by Jaroslav Halak with a rebound.
1:35 of 2nd period - Wrist shot by Nick Bonino.
1:35 of 2nd period - Shot Misses the Net.
1:37 of 2nd period - Snap shot by Nick Bonino.
1:37 of 2nd period - Stopped by Ben Bishop without a rebound.
1:38 of 2nd period - Lars Eller wins face-off versus Joakim Andersson in Canucks zone.
1:47 of 2nd period - Snap shot by Lars Eller.
1:47 of 2nd period - Deflect By Jamie McGinn.
1:47 of 2nd period - Stopped by Ben Bishop without a rebound.
1:48 of 2nd period - Peter Holland wins face-off versus Lars Eller in Canucks zone.
2:06 of 2nd period - Snap shot by Lars Eller.
2:06 of 2nd period - Stopped by Ben Bishop with a rebound.
2:14 of 2nd period - Wrist shot by Jamie McGinn.
2:14 of 2nd period - Shot Misses the Net.
2:16 of 2nd period - Snap shot by Lars Eller.
2:16 of 2nd period - Shot Blocked by Joakim Andersson.
2:36 of 2nd period - Christopher Tanev is hit by Andrew Ladd and loses puck.
2:47 of 2nd period - Snap shot by Nick Bonino.
2:47 of 2nd period - Stopped by Ben Bishop without a rebound.
2:48 of 2nd period - Nick Bonino wins face-off versus Adam Burish in Canucks zone.
3:27 of 2nd period - Wrist shot by Brendan Gallagher.
3:27 of 2nd period - Stopped by Jaroslav Halak without a rebound.
3:28 of 2nd period - Nazem Kadri wins face-off versus Nicklas Backstrom in Oilers zone.
3:31 of 2nd period - Wrist shot by Brendan Gallagher.
3:31 of 2nd period - Stopped by Jaroslav Halak with a rebound.
3:45 of 2nd period - Wrist shot by David Desharnais.
3:45 of 2nd period - Stopped by Ben Bishop with a rebound.
3:47 of 2nd period - Snap shot by Darren Helm.
3:47 of 2nd period - Stopped by Ben Bishop with a rebound.
3:49 of 2nd period - Slapshot by Jason Demers.
3:49 of 2nd period - Stopped by Ben Bishop with a rebound.
3:51 of 2nd period - Slapshot by Andrew MacDonald.
3:51 of 2nd period - Shot Misses the Net.
4:01 of 2nd period - Andrew MacDonald is hit by Nazem Kadri and loses puck.
4:21 of 2nd period - Peter Holland is hit by Lars Eller and loses puck.
5:01 of 2nd period - Snap shot by Andrew Ladd.
5:01 of 2nd period - Stopped by Ben Bishop with a rebound.
5:03 of 2nd period - Slapshot by Ryan McDonagh.
5:03 of 2nd period - Shot Misses the Net.
5:05 of 2nd period - Slapshot by Brayden Schenn.
5:05 of 2nd period - Shot Blocked by Joakim Andersson.
5:07 of 2nd period - Slapshot by Ryan McDonagh.
5:07 of 2nd period - Deflect By Alexander Edler.
5:07 of 2nd period - Stopped by Ben Bishop without a rebound.
5:08 of 2nd period - Nick Bonino wins face-off versus Adam Burish in Canucks zone.
5:37 of 2nd period - Slapshot by Andrei Markov.
5:37 of 2nd period - Shot Blocked by Nicklas Backstrom.
5:39 of 2nd period - Snap shot by Jack Johnson.
5:39 of 2nd period - Stopped by Jaroslav Halak with a rebound.
5:41 of 2nd period - Slapshot by Jack Johnson.
5:41 of 2nd period - Shot Misses the Net.
5:43 of 2nd period - Slapshot by Andrei Markov.
5:43 of 2nd period - Shot Blocked by Brayden McNabb.
5:45 of 2nd period - Wrist shot by Jack Johnson.
5:45 of 2nd period - Shot Misses the Net.
6:56 of 2nd period - Wrist shot by Antoine Roussel.
6:56 of 2nd period - Shot Blocked by Ryan McDonagh.
6:58 of 2nd period - Slapshot by Jay Beagle.
6:58 of 2nd period - Shot Misses the Net.
7:00 of 2nd period - Wrist shot by Justin Braun.
7:00 of 2nd period - Shot Blocked by Ryan McDonagh.
7:31 of 2nd period - Wrist shot by Mats Zuccarello.
7:31 of 2nd period - Shot Blocked by Ryan McDonagh.
7:33 of 2nd period - Snap shot by Mats Zuccarello.
7:33 of 2nd period - Shot Misses the Net.
8:25 of 2nd period - Lars Eller is hit by Clarke MacArthur and loses puck.
9:52 of 2nd period - Adam Burish is hit by Brayden McNabb and loses puck.
10:01 of 2nd period - Jannik Hansen is hit by Derick Brassard and loses puck.
10:54 of 2nd period - Slapshot by Jack Johnson.
10:54 of 2nd period - Stopped by Jaroslav Halak without a rebound.
10:55 of 2nd period - Adam Burish wins face-off versus Nick Bonino in Oilers zone.
11:16 of 2nd period - Joel Ward is hit by Darren Helm and loses puck.
12:24 of 2nd period - Slapshot by Christopher Tanev.
12:24 of 2nd period - Deflect By Antoine Roussel.
12:24 of 2nd period - Shot Misses the Net.
12:24 of 2nd period - Puck is out of play.
12:25 of 2nd period - Lars Eller wins face-off versus Adam Burish in Oilers zone.
12:45 of 2nd period - Jay Beagle is hit by Trevor Lewis and loses puck.
12:54 of 2nd period - Backhand shot by David Desharnais.
12:54 of 2nd period - Stopped by Ben Bishop without a rebound.
12:54 of 2nd period - Minor Penalty to Ben Bishop for Slashing.
12:55 of 2nd period - Nicklas Backstrom wins face-off versus Joel Ward in Canucks zone.
13:12 of 2nd period - Slapshot by David Desharnais.
13:12 of 2nd period - Goal by David Desharnais - Oilers : 2 - Canucks : 1.
13:13 of 2nd period - Nazem Kadri wins face-off versus Nick Bonino in neutral zone.
13:36 of 2nd period - Wrist shot by Andrew Ladd.
13:36 of 2nd period - Shot Blocked by Nazem Kadri.
16:26 of 2nd period - Jannik Hansen is hit by Alexander Edler and loses puck.
16:27 of 2nd period - Jannik Hansen from Oilers is injured at 16:27 of 2nd period (Back).
16:28 of 2nd period - Adam Burish wins face-off versus Nicklas Backstrom in Oilers zone.
17:21 of 2nd period - Slapshot by Nazem Kadri.
17:21 of 2nd period - Stopped by Jaroslav Halak without a rebound.
17:22 of 2nd period - Nick Bonino wins face-off versus Nazem Kadri in Oilers zone.
18:35 of 2nd period - Snap shot by Mats Zuccarello.
18:35 of 2nd period - Shot Misses the Net.
18:37 of 2nd period - Slapshot by Christopher Tanev.
18:37 of 2nd period - Shot Misses the Net.
18:39 of 2nd period - Slapshot by Justin Braun.
18:39 of 2nd period - Shot Misses the Net.
18:43 of 2nd period - Slapshot by Mats Zuccarello.
18:43 of 2nd period - Stopped by Jaroslav Halak with a rebound.
18:45 of 2nd period - Snap shot by Joakim Andersson.
18:45 of 2nd period - Stopped by Jaroslav Halak without a rebound.
18:46 of 2nd period - Nicklas Backstrom wins face-off versus Adam Burish in Oilers zone.
18:46 of 2nd period - Major / Game Misconduct Penalty to Brayden McNabb for Head-butting.
18:46 of 2nd period - Brayden McNabb is ejected from game.
18:47 of 2nd period - Lars Eller wins face-off versus Mats Zuccarello in Oilers zone.
19:14 of 2nd period - Snap shot by Lars Eller.
19:14 of 2nd period - Stopped by Ben Bishop with a rebound.
Goals for this period are 1 for Oilers vs 0 for Canucks.
Shots for this period are 12 for Oilers vs 8 for Canucks.

3rd period


0:01 of 3rd period - Derick Brassard wins face-off versus Lars Eller in neutral zone.
0:12 of 3rd period - Wrist shot by Derick Brassard.
0:12 of 3rd period - Stopped by Jaroslav Halak without a rebound.
0:13 of 3rd period - Joel Ward wins face-off versus Lars Eller in Oilers zone.
1:04 of 3rd period - Wrist shot by Nazem Kadri.
1:04 of 3rd period - Stopped by Jaroslav Halak without a rebound.
1:05 of 3rd period - Lars Eller wins face-off versus Nazem Kadri in Oilers zone.
1:42 of 3rd period - Minor Penalty to Jason Demers for Hooking.
1:43 of 3rd period - Lars Eller wins face-off versus Mats Zuccarello in Oilers zone.
1:54 of 3rd period - Snap shot by Derick Brassard.
1:54 of 3rd period - Stopped by Jaroslav Halak without a rebound.
1:55 of 3rd period - Mats Zuccarello wins face-off versus Lars Eller in Oilers zone.
2:44 of 3rd period - Snap shot by Brendan Gallagher.
2:44 of 3rd period - Shot Misses the Net.
3:00 of 3rd period - Alexander Edler is hit by Darren Helm and loses puck.
3:27 of 3rd period - Mats Zuccarello is hit by Lars Eller and loses puck.
3:34 of 3rd period - Slapshot by Alexander Edler.
3:34 of 3rd period - Goal by Alexander Edler - Oilers : 2 - Canucks : 2.
3:35 of 3rd period - Lars Eller wins face-off versus Nazem Kadri in neutral zone.
3:46 of 3rd period - Penalty to Brayden McNabb is over, Darren Helm is send on ice.
4:08 of 3rd period - Snap shot by Derick Brassard.
4:08 of 3rd period - Shot Misses the Net.
4:16 of 3rd period - Wrist shot by Derick Brassard.
4:16 of 3rd period - Shot Blocked by Trevor Lewis.
4:26 of 3rd period - Icing by Lars Eller.
4:27 of 3rd period - Lars Eller wins face-off versus Peter Holland in Oilers zone.
4:56 of 3rd period - Snap shot by Peter Holland.
4:56 of 3rd period - Shot Misses the Net.
4:58 of 3rd period - Slapshot by Willie Mitchell.
4:58 of 3rd period - Shot Misses the Net.
5:00 of 3rd period - Wrist shot by Willie Mitchell.
5:00 of 3rd period - Deflect By Mats Zuccarello.
5:00 of 3rd period - Shot Misses the Net.
5:00 of 3rd period - Puck is out of play.
5:01 of 3rd period - Nicklas Backstrom wins face-off versus Adam Burish in Oilers zone.
5:03 of 3rd period - Minor Penalty to Niklas Hjalmarsson for Roughing.
5:04 of 3rd period - Lars Eller wins face-off versus Mats Zuccarello in Oilers zone.
5:33 of 3rd period - Lars Eller is hit by Derick Brassard and loses puck.
6:07 of 3rd period - Minor Penalty to Jack Johnson for Interference.
6:08 of 3rd period - Nicklas Backstrom wins face-off versus Joel Ward in Canucks zone.
6:45 of 3rd period - Willie Mitchell is hit by Andrew Ladd and loses puck.
7:03 of 3rd period - Penalty to Niklas Hjalmarsson is over, Niklas Hjalmarsson is back on ice.
7:14 of 3rd period - Andrew Ladd is hit by Derick Brassard.
8:07 of 3rd period - Penalty to Jack Johnson is over, Jack Johnson is back on ice.
8:20 of 3rd period - Lars Eller is hit by Clarke MacArthur and loses puck.
8:45 of 3rd period - Nicklas Backstrom is hit by Peter Holland.
8:53 of 3rd period - Slapshot by Mats Zuccarello.
8:53 of 3rd period - Stopped by Jaroslav Halak with a rebound.
8:55 of 3rd period - Snap shot by Joakim Andersson.
8:55 of 3rd period - Stopped by Jaroslav Halak without a rebound.
8:56 of 3rd period - Nicklas Backstrom wins face-off versus Peter Holland in Oilers zone.
9:00 of 3rd period - Off-side.
9:01 of 3rd period - Peter Holland wins face-off versus Lars Eller in neutral zone.
9:14 of 3rd period - Justin Braun is hit by Jamie McGinn and loses puck.
9:18 of 3rd period - Icing by Justin Braun.
9:19 of 3rd period - Peter Holland wins face-off versus David Desharnais in Canucks zone.
9:38 of 3rd period - Nick Bonino is hit by Justin Braun and loses puck.
10:09 of 3rd period - Slapshot by Nazem Kadri.
10:09 of 3rd period - Stopped by Jaroslav Halak with a rebound.
10:11 of 3rd period - Wrist shot by Nazem Kadri.
10:11 of 3rd period - Stopped by Jaroslav Halak with a rebound.
10:13 of 3rd period - Slapshot by Willie Mitchell.
10:13 of 3rd period - Deflect By Brendan Gallagher.
10:13 of 3rd period - Stopped by Jaroslav Halak without a rebound.
10:14 of 3rd period - Nicklas Backstrom wins face-off versus Derick Brassard in Oilers zone.
10:37 of 3rd period - Wrist shot by Nicklas Backstrom.
10:37 of 3rd period - Shot Misses the Net.
11:39 of 3rd period - Joakim Andersson is hit by Lars Eller and loses puck.
11:46 of 3rd period - Slapshot by David Desharnais.
11:46 of 3rd period - Stopped by Ben Bishop without a rebound.
11:47 of 3rd period - Jamie McGinn wins face-off versus Adam Burish in Canucks zone.
11:48 of 3rd period - Wrist shot by David Desharnais.
11:48 of 3rd period - Shot Misses the Net.
11:50 of 3rd period - Snap shot by Jamie McGinn.
11:50 of 3rd period - Deflect By David Desharnais.
11:50 of 3rd period - Shot Blocked by Andrei Markov.
11:50 of 3rd period - Puck is out of play.
11:51 of 3rd period - Lars Eller wins face-off versus Adam Burish in Canucks zone.
12:24 of 3rd period - Joel Ward is hit by Brayden Schenn and loses puck.
12:55 of 3rd period - Snap shot by Nicklas Backstrom.
12:55 of 3rd period - Stopped by Ben Bishop with a rebound.
12:57 of 3rd period - Slapshot by Jason Demers.
12:57 of 3rd period - Stopped by Ben Bishop with a rebound.
12:59 of 3rd period - Slapshot by Andrew MacDonald.
12:59 of 3rd period - Stopped by Ben Bishop without a rebound.
13:00 of 3rd period - Lars Eller wins face-off versus Nazem Kadri in Canucks zone.
13:59 of 3rd period - Snap shot by Nicklas Backstrom.
13:59 of 3rd period - Shot Hit the Post.
15:00 of 3rd period - Snap shot by Andrew Ladd.
15:00 of 3rd period - Stopped by Ben Bishop with a rebound.
15:02 of 3rd period - Snap shot by Nick Bonino.
15:02 of 3rd period - Shot Misses the Net.
15:33 of 3rd period - Snap shot by Derick Brassard.
15:33 of 3rd period - Shot Misses the Net.
16:52 of 3rd period - Slapshot by Ryan McDonagh.
16:52 of 3rd period - Deflect By Andrew Ladd.
16:52 of 3rd period - Stopped by Ben Bishop with a rebound.
16:54 of 3rd period - Snap shot by Ryan McDonagh.
16:54 of 3rd period - Shot Blocked by Andrei Markov.
17:46 of 3rd period - Snap shot by Nazem Kadri.
17:46 of 3rd period - Deflect By Brendan Gallagher.
17:46 of 3rd period - Shot Misses the Net.
17:46 of 3rd period - Puck is out of play.
17:47 of 3rd period - Nazem Kadri wins face-off versus Nick Bonino in Oilers zone.
17:48 of 3rd period - Slapshot by Clarke MacArthur.
17:48 of 3rd period - Stopped by Jaroslav Halak with a rebound.
19:23 of 3rd period - Wrist shot by Nazem Kadri.
19:23 of 3rd period - Shot Misses the Net.
19:33 of 3rd period - Joakim Andersson is hit by Jamie McGinn.
19:41 of 3rd period - Snap shot by Peter Holland.
19:41 of 3rd period - Stopped by Jaroslav Halak without a rebound.
19:42 of 3rd period - Nick Bonino wins face-off versus Peter Holland in Oilers zone.
19:48 of 3rd period - Minor Penalty to Justin Braun for High sticking.
19:49 of 3rd period - Nicklas Backstrom wins face-off versus Joel Ward in Canucks zone.
Goals for this period are 0 for Oilers vs 1 for Canucks.
Shots for this period are 6 for Oilers vs 11 for Canucks.

Overtime #1


0:01 of 1st overtime period - Nazem Kadri wins face-off versus Nicklas Backstrom in neutral zone.
0:10 of 1st overtime period - Snap shot by Nazem Kadri.
0:10 of 1st overtime period - Shot Blocked by Andrew Ladd.
0:12 of 1st overtime period - Slapshot by Andrei Markov.
0:12 of 1st overtime period - Shot Misses the Net.
0:24 of 1st overtime period - Slapshot by Nazem Kadri.
0:24 of 1st overtime period - Stopped by Jaroslav Halak with a rebound.
0:26 of 1st overtime period - Slapshot by Jack Johnson.
0:26 of 1st overtime period - Shot Blocked by Niklas Hjalmarsson.
0:28 of 1st overtime period - Slapshot by Jack Johnson.
0:28 of 1st overtime period - Shot Blocked by Nicklas Backstrom.
0:30 of 1st overtime period - Snap shot by Andrei Markov.
0:30 of 1st overtime period - Stopped by Jaroslav Halak with a rebound.
0:32 of 1st overtime period - Slapshot by Andrei Markov.
0:32 of 1st overtime period - Stopped by Jaroslav Halak without a rebound.
0:33 of 1st overtime period - Nicklas Backstrom wins face-off versus Nazem Kadri in Oilers zone.
1:48 of 1st overtime period - Penalty to Justin Braun is over, Justin Braun is back on ice.
2:00 of 1st overtime period - Snap shot by Andrei Markov.
2:00 of 1st overtime period - Shot Misses the Net.
3:22 of 1st overtime period - Jack Johnson is hit by Andrew Ladd and loses puck.
4:01 of 1st overtime period - Niklas Hjalmarsson is hit by Joel Ward and loses puck.
4:22 of 1st overtime period - Wrist shot by Darren Helm.
4:22 of 1st overtime period - Stopped by Ben Bishop without a rebound.
4:23 of 1st overtime period - Darren Helm wins face-off versus Mats Zuccarello in Canucks zone.
4:30 of 1st overtime period - Slapshot by Darren Helm.
4:30 of 1st overtime period - Shot Blocked by Andrei Markov.
Goals for this period are 0 for Oilers vs 0 for Canucks.
Shots for this period are 1 for Oilers vs 3 for Canucks.

ShootOut


5:00 of 1st overtime period - Penalty Shot by Nicklas Backstrom for Oilers.
5:00 of 1st overtime period - Snap shot by Nicklas Backstrom.
5:00 of 1st overtime period - Stopped by Ben Bishop.
5:00 of 1st overtime period - Penalty Shot by Antoine Roussel for Canucks.
5:00 of 1st overtime period - Deke by Antoine Roussel.
5:00 of 1st overtime period - Shot Misses the Net.
5:00 of 1st overtime period - Penalty Shot by Andrew Ladd for Oilers.
5:00 of 1st overtime period - Backhand shot by Andrew Ladd.
5:00 of 1st overtime period - Shot Misses the Net.
5:00 of 1st overtime period - Penalty Shot by Derick Brassard for Canucks.
5:00 of 1st overtime period - Backhand shot by Derick Brassard.
5:00 of 1st overtime period - Stopped by Jaroslav Halak.
5:00 of 1st overtime period - Penalty Shot by Nick Bonino for Oilers.
5:00 of 1st overtime period - Wrist shot by Nick Bonino.
5:00 of 1st overtime period - Shot Misses the Net.
5:00 of 1st overtime period - Penalty Shot by Nazem Kadri for Canucks.
5:00 of 1st overtime period - Snap shot by Nazem Kadri.
5:00 of 1st overtime period - Goal by Nazem Kadri.